 Dungeon Crawl Stone Soup version 0.31.0-9-g3a7656b989 (webtiles) character file.

Game seed: 2760310884861555879

43 qw the Shooter (level 3, 0/18 HPs)
             Began as a Spriggan Hunter on Feb 2, 2024.
             Succumbed to a scorpion's poison
             ... on level 3 of the Dungeon.
             The game lasted 00:00:04 (1419 turns).

qw the Shooter (Spriggan Hunter)                    Turns: 1419, Time: 00:00:04

Health: 0/18       AC:  2    Str:  7    XL:     3   Next: 37%
Magic:  4/4        EV: 19    Int: 10    God:
Gold:   96         SH:  0    Dex: 20    Spells: 2/2 levels left

rFire   . . .        a - +0 shortbow
rCold   . . .        (shield currently unavailable)
rNeg    . . .        c - +0 robe
rPois   .            (helmet restricted)
rElec   .            (no cloak)
rCorr   .            (gloves unavailable)
SInv    +            (boots unavailable)
Will    .....        (no amulet)
Stlth   ++           (no ring)
HPRegen 0.23/turn    (no ring)
MPRegen 0.09/turn

%: no passive effects
@: lethally poisoned (0 -> -7), very quick
A: very small, no large weapons, unfitting armour, see invisible, speed 3
a: no special abilities


You were on level 3 of the Dungeon.
You visited 1 branch of the dungeon, and saw 3 of its levels.

You collected 96 gold pieces.


Innate Abilities, Weirdness & Mutations

You are very small and have problems with some larger weapons.
You are too small for most types of armour.
You have supernaturally acute eyesight. (SInv)
You cover ground extremely quickly. (Speed+++)


   Skills:
 - Level 1.5 Fighting
 + Level 4.7 Ranged Weapons
 - Level 4.0 Dodging
 - Level 1.5 Stealth


You had 2 spell levels left.
You didn't know any spells.
Your spell library was empty.

Inventory:

Hand Weapons
 a - a +0 shortbow (weapon)
Armour
 c - a +0 robe (worn)

Dungeon Overview and Level Annotations

Branches:
Dungeon (3/15)

Altars:


Message History

The arrow hits the adder but does no damage.
The adder is heavily wounded.
The adder barely misses you.
You shoot an arrow. The arrow barely misses the adder.
The adder completely misses you. The adder bites you.
You shoot an arrow. The arrow hits the adder.
The adder is almost dead.
The adder misses you.
You shoot an arrow. The arrow hits the adder!
You kill the adder!
Found 4 stones.
A scorpion comes into view.
Found a stone staircase leading up.
You shoot an arrow. The arrow hits the scorpion.
The scorpion is lightly wounded.
You shoot an arrow.
The arrow hits the scorpion but does no damage.
The scorpion is lightly wounded.
You shoot an arrow. The arrow barely misses the scorpion.
You shoot an arrow. The arrow hits the scorpion.
The scorpion is moderately wounded.
You shoot an arrow.
The arrow hits the scorpion but does no damage.
The scorpion is moderately wounded.
The scorpion misses you. The scorpion stings you.
You shoot an arrow. The arrow hits the scorpion.
The scorpion is severely wounded.
The scorpion closely misses you.
You shoot an arrow. The arrow hits the scorpion.
The scorpion is severely wounded.
The scorpion stings you.
You are lethally poisoned!
The scorpion poisons you! The scorpion stings you.
You shoot an arrow. The arrow closely misses the scorpion.
You feel very sick. The scorpion barely misses you.
You shoot an arrow.
The arrow hits the scorpion but does no damage.
The scorpion is severely wounded.
You die...

##.#########.....
... ..............
.#.##.##..#.#..(
.............#
#.##.##..#.#.# #
.#.#.#..........##.#
....................
.#.#........#.##.##.
#%.###.#.@......<
#<.# #.#.#s##!###
#..# #.#.#.#
#......#.#.#
#..###.#.#.# #..#
#.#.#.# ...# #......
##.# #.#.#.# ..


You could see a scorpion.

Vanquished Creatures
  2 adders
  A giant cockroach (D:2)
  6 goblins
  2 hobgoblins (D:1)
  3 jackals (D:1)
  A kobold (D:2)
  A quokka (D:1)
  2 ball pythons
  2 bats (D:1)
  4 rats
24 creatures vanquished.

Notes
Turn   | Place    | Note
-------+----------+-------------------------------------------
     0 | D:1      | qw the Spriggan Hunter began the quest for the Orb.
     0 | D:1      | Reached XP level 1. HP: 10/10 MP: 2/2
     0 | D:1      | 0 ||| qw: Version: 0.3-a-155-g5e7d8dd
     0 | D:1      | 0 ||| qw: Game counter: 2628
     0 | D:1      | 0 ||| qw: Melee chars always use a shield: true
     0 | D:1      | 0 ||| qw: God list: Okawaru
     0 | D:1      | 0 ||| qw: Allow faded altars: false
     0 | D:1      | 0 ||| qw: Do Orc after clearing Dungeon:15 true
     0 | D:1      | 0 ||| qw: Do second Lair branch before Depths: true
     0 | D:1      | 0 ||| qw: Lair rune preference: random
     0 | D:1      | 0 ||| qw: Goals: Normal
     0 | D:1      | 0 ||| PLANNING D:1-11
   106 | D:1      | Found a faded altar of an unknown god.
   111 | D:1      | Reached skill level 3 in Dodging
   183 | D:1      | Reached XP level 2. HP: 10/14 MP: 3/3
   649 | D:1      | 649 ||| READING scroll labelled CEMOICAOLO.
   649 | D:1      | 649 ||| IDENTIFYING pink potion
   650 | D:1      | 650 ||| READING scroll labelled JOSEOM CUISO.
   651 | D:1      | 651 ||| READING scroll labelled GAFIOBBE XENNA.
   651 | D:1      | 651 ||| ENCHANTING +0 shortbow.
   652 | D:1      | 652 ||| DROPPING scroll of butterflies.
   721 | D:2      | Reached XP level 3. HP: 9/18 MP: 4/4
  1279 | D:2      | 1279 ||| READING scroll of identify.
  1279 | D:2      | 1279 ||| IDENTIFYING grey potion
  1280 | D:2      | 1280 ||| READING scroll labelled GOOL OCKEPPIZI.
  1281 | D:2      | 1281 ||| READING scroll labelled VIEWE BOOM.
  1382 | D:2      | 1382 ||| DRINKING 2 viscous golden potions.
  1383 | D:2      | 1383 ||| DRINKING potion of curing.
  1383 | D:2      | 1383 ||| (to cure confusion)
  1384 | D:2      | 1384 ||| DROPPING potion of magic.
  1385 | D:2      | 1385 ||| DROPPING potion of ambrosia.
  1410 | D:3      | Noticed a scorpion
  1417 | D:3      | HP: 4/18 [scorpion (5)]
  1419 | D:3      | Succumbed to a scorpion's poison

Levels and vault maps discovered:
D:1:      lemuel_arrival_tunnels, layout_basic,
          hellmonk_ecumenical_altar_blasted, serial_forest,
          infiniplex_forest_lined_room_3, infiniplex_forest_side_room,
          infiniplex_forest_lined_2, infiniplex_forest_join,
          infiniplex_forest_clump_curved, infiniplex_forest_clump_C,
          infiniplex_forest_clump_small, infiniplex_forest_straight_2,
          infiniplex_forest_lined_room_3, minmay_crystal_room
D:2:      layout_loops_cross
D:3:      kennysheep_big_flooded_room, layout_basic, minmay_increasing_density,
          uniq_terence

Skill      XL: |  1  2 |
---------------+-------+-----
Dodging        | 3 4 |  4.0
Fighting       | |  1.5
Ranged Weapons | |  4.7
Stealth        | |  1.5

Action                     || total
---------------------------++-------
   Fire: Shortbow          ||    86
    Use: Scroll            ||     6
         Potion            ||     2
 Armour: Robe              ||    12
  Dodge: Dodged            ||    30

Table legend:
 A = Non-vault XP
 B = Vault XP
 C = Vault XP percentage of total XP
 D = Non-vault monster count
 E = Vault monster count
 F = Vault count percentage of total count
                 A         B        C        D         E       F
            +---------+---------+-------+---------+---------+-------
      Total |      62 |       0 |   0.0 |      24 |       0 |   0.0
            +---------+---------+-------+---------+---------+-------
        D:1 |      27 |       0 |   0.0 |      17 |       0 |   0.0
        D:2 |      22 |       0 |   0.0 |       6 |       0 |   0.0
        D:3 |      13 |       0 |   0.0 |       1 |       0 |   0.0
            +---------+---------+-------+---------+---------+-------
